 Dungeon Crawl Stone Soup version 0.29.1-15-g9cfb28693d (webtiles) character file.

Game seed: 9359360827364485357

21 BuddhaDhamma the Chopper (level 2, -1/26 HPs)
             Began as a Minotaur Berserker on Mar 6, 2023.
             Was a Follower of Trog.
             Succumbed to an adder's poison
             ... on level 2 of the Dungeon.
             The game lasted 00:00:37 (199 turns).

BuddhaDhamma the Chopper (Minotaur Berserker)        Turns: 199, Time: 00:00:38

Health: -1/26      AC:  3    Str: 21    XL:     2   Next: 65%
Magic:  1/1        EV: 11    Int:  4    God:    Trog [*.....]
Gold:   40         SH:  0    Dex:  9    Spells: 1/1 levels left

rFire   . . .      SeeInvis .   a - +0 hand axe
rCold   . . .      Faith    .   (no shield)
rNeg    . . .      Spirit   .   d - +0 leather armour
rPois   .          Reflect  .   (helmet restricted)
rElec   .          Harm     .   (no cloak)
rCorr   .          Rampage  .   (no gloves)
Will    .....                   (no boots)
Stlth   +.........              (no amulet)
HPRegen 0.08/turn               (no ring)
MPRegen 0.07/turn               (no ring)

@: lethally poisoned (-1 -> -4)
A: horns 2, retaliatory headbutt
a: Renounce Religion, Berserk


You were on level 2 of the Dungeon.
You worshipped Trog.
Trog was aware of your devotion.
You visited 1 branch of the dungeon, and saw 2 of its levels.

You collected 40 gold pieces.

Inventory:

Hand Weapons
 a - a +0 hand axe (weapon)
Armour
 d - a +0 leather armour (worn)
Scrolls
 b - a scroll of fear {unknown}
 e - a scroll of enchant armour {unknown}
Potions
 c - a potion of resistance {unknown}


   Skills:
 - Level 3.6 Fighting
 + Level 4.9 Axes
 - Level 2.4 Armour
 - Level 2.1 Dodging


You had one spell level left.
You didn't know any spells.
Your spell library was empty.

Dungeon Overview and Level Annotations

Branches:
Dungeon (1/15)

Altars:
Gozag


Innate Abilities, Weirdness & Mutations

You have a pair of horns on your head.
You reflexively headbutt those who attack you in melee.


Message History

You have reached level 2!
You miss the adder.
You feel sick.
You are no longer poisoned.
The adder bites you. The adder barely misses you.
You hit the adder.
The adder is lightly wounded.
The adder bites you.
You barely miss the adder. Your headbutt misses the adder.
The adder is lightly wounded.
The adder barely misses you.
You miss the adder.
The adder is lightly wounded.
The adder bites you.
* * * LOW HITPOINT WARNING * * *
The adder bites you.
* * * LOW HITPOINT WARNING * * *
You are lethally poisoned!
The adder poisons you!
You miss the adder. Your headbutt misses the adder.
The adder is lightly wounded.
* * * LOW HITPOINT WARNING * * *
You feel sick. The adder closely misses you.
You hit the adder.
The adder is lightly wounded.
* * * LOW HITPOINT WARNING * * *
You feel sick. The adder closely misses you. You furiously retaliate!
You headbutt the adder. You barely miss the adder. You headbutt the adder!
You kill the adder!
Trog accepts your kill.
* * * LOW HITPOINT WARNING * * *
You feel sick. The dart slug launches a dart at you. The slug dart misses you.
* * * LOW HITPOINT WARNING * * *
You feel sick. The dart slug barely misses you.
You see here an adder corpse.
You hit the dart slug. You headbutt the dart slug.
The dart slug is heavily wounded.
You die...

##.########.# #..
##...## #.# #..
##.....######.###..
...........#......
.................
...###..#....... #.#
#.###......
#..######.####..#.......
......w@......#...#.##).
<....######.#.###.#####[
.(. #............. .
#........###..
#..####..###.. #..#
#......† #..# #.......
#..# ##...... #..#
#.###..


You could see a dart slug.

Vanquished Creatures
  2 adders (D:2)
  A kobold (D:2)
  A frilled lizard (D:1)
  2 rats
6 creatures vanquished.

Notes
Turn   | Place    | Note
-------+----------+-------------------------------------------
     0 | D:1      | BuddhaDhamma the Minotaur Berserker began the quest for the
                  | Orb.
     0 | D:1      | Reached XP level 1. HP: 19/19 MP: 0/0
   104 | D:1      | You fall into a shaft and drop 1 floor!
   155 | D:2      | Found an opulent altar of Gozag.
   191 | D:2      | Reached skill level 4 in Axes
   191 | D:2      | Reached XP level 2. HP: 14/26 MP: 1/1
   197 | D:2      | HP: 1/26 [poisoned by an adder]
   199 | D:2      | Succumbed to an adder's poison

Illustrated notes

Levels and vault maps discovered:
D:1:      lemuel_arrival_tunnels, layout_basic,
          shapermc_ecumenical_altar_notcrosses
D:2:      layout_loops_ring, basic_altar, serial_shops, shop, minmay_surrounded

Skill      XL: |  1 |
---------------+----+-----
Axes           | 4 |  4.9
Fighting       | |  3.6
Armour         | |  2.4
Dodging        | |  2.1

Action                   || total
-------------------------++-------
Melee: Hand axe          ||    14
       Headbutt          ||     2
Armor: Leather armour    ||     1
Dodge: Dodged            ||    12
